 Dungeon Crawl Stone Soup version 0.22-a0-422-g9628fc87f1 (webtiles) character file.

1968 Kriby the Shield-Bearer (level 9, 0/82 HPs)
             Began as a Deep Dwarf Fighter on May 19, 2018.
             Slain by an orc warrior
             ... wielding a +0 flail
              (16 damage)
             ... on level 7 of the Dungeon.
             The game lasted 00:10:52 (5128 turns).

Kriby the Shield-Bearer (Deep Dwarf Fighter)        Turns: 5128, Time: 00:10:53

Health: 0/82       AC: 14    Str: 28    XL:     9   Next: 0%
Magic:  7/7        EV:  4    Int: 10    God:
Gold:   172        SH: 17    Dex: 12    Spells: 8/8 levels left

rFire    . . .     SeeInvis .   d - +2 hand axe (vamp)
rCold    . . .     Gourm    .   u - +0 large shield
rNeg     . . .     Faith    .   e - +0 plate armour
rPois    .         Spirit   .   (no helmet)
rElec    .         Reflect  .   z - +0 cloak
rCorr    .         Harm     .   (no gloves)
MR       +....                  (no boots)
Stlth    ..........             (no amulet)
HPRegen  0.00/turn              g - +4 ring of strength
MPRegen  0.10/turn              A - +2 ring of intelligence

@: non-regenerating
A: damage resistance, heal wounds, sense surroundings 2, no regeneration
a: Heal Wounds


You were on level 7 of the Dungeon.
You were hungry.

You visited 1 branch of the dungeon, and saw 7 of its levels.

You collected 281 gold pieces.
You spent 109 gold pieces at shops.

Inventory:

Hand Weapons
 a - a +0 war axe
 d - a +2 vampiric hand axe (weapon)
Armour
 b - a +0 scale mail
 c - a +0 shield
 e - a +0 plate armour (worn)
 u - a +0 large shield (worn)
 z - a +0 cloak (worn)
Jewellery
 g - a +4 ring of strength (left hand)
 A - a +2 ring of intelligence (right hand)
Scrolls
 i - 3 scrolls of remove curse {unknown}
 j - 2 scrolls of enchant weapon {unknown}
 k - 2 scrolls of immolation {unknown}
 l - 2 scrolls of teleportation {unknown}
 n - 7 scrolls of identify {unknown}
 r - a scroll of magic mapping {unknown}
 s - 2 scrolls of fog {unknown}
 v - a scroll of vulnerability {unknown}
 w - a scroll of blinking {unknown}
 y - 2 scrolls of amnesia {unknown}
Potions
 h - a potion of curing {@q1}
 m - a potion of might {@q4}
 t - a potion of flight
Comestibles
 f - 8 rations {@e1}
 o - 11 chunks of flesh


   Skills:
 + Level 6.0 Fighting
 + Level 6.7 Axes
 + Level 7.2 Armour
 + Level 7.2 Shields


You had 8 spell levels left.
You didn't know any spells.
Your spell library was empty.

Dungeon Overview and Level Annotations

Branches:
Dungeon (7/15)             Temple (0/1) D:7

Altars:
Elyvilon
Nemelex Xobeh
Xom

Shops:
D:4 *


Innate Abilities, Weirdness & Mutations

You are resistant to damage.
You can heal yourself by infusing magical energy.
You passively map the area around you.
You do not regenerate.


Message History

You closely miss the orc warrior.
The orc warrior is severely wounded.
The orc warrior hits you with a flail.
You closely miss the orc warrior.
The orc warrior is severely wounded.
The orc warrior hits you but does no damage.
You hit the orc warrior.
You feel better.
The orc warrior is severely wounded.
The orc warrior hits you but does no damage.
You aren't carrying any items that you can evoke.
You hit the orc warrior but do no damage.
The orc warrior is severely wounded.
You block the orc warrior's attack.
Your shield and plate armour prevent you from hitting the orc warrior.
The orc warrior is severely wounded.
You block the orc warrior's attack.
You hit the orc warrior.
You feel better.
The orc warrior is almost dead.
The orc warrior hits you with a flail!
You die...

#.#..#...#..#..# *
#.#.#.###.#)#..# *,
##.#.#...#)#.#)# , #
#.#.#.>.#.#)#)# * *, ..
#.#.#...#)#.#(####..#
,,....#.#.###[#.#.<.......
,,....#..#...#..#.########*
, .....#..###..#..... ,, ,
......##..@##...## * * *
........###o...## *
........$.....## ,
..............###### ,
..###+#####..†...... , .
#..)...... *** * ###)......
....... * ....... ,


You could see an orc warrior.

Vanquished Creatures
  An orc warrior (D:7)
  A sky beast (D:5)
  A black bear (D:3)
  2 centaurs
  2 bullfrogs (D:7)
  A gnoll sergeant (D:6)
  2 scorpions
  2 howler monkeys (D:6)
  A bullfrog zombie (D:7)
  A jelly (D:5)
  9 orc wizards
  5 hounds
  6 orc priests
  A centaur skeleton (D:6)
  2 iguanas
  5 worker ants
  A howler monkey zombie (D:5)
  6 gnolls (D:6)
  6 adders
  A howler monkey skeleton (D:4)
  2 adder skeletons
  5 worms
  4 leopard geckos
  45 orcs
  6 bats
  3 giant cockroaches
  8 goblins
  4 hobgoblins
  3 jackals (D:2)
  2 kobolds
  2 quokkas (D:5)
  A ball python (D:4)
  4 frilled lizards
  A jackal zombie (D:7)
  A leopard gecko skeleton (D:4)
  25 rats
172 creatures vanquished.

Vanquished Creatures (others)
  An orc wizard (D:5)
1 creature vanquished.

Grand Total: 173 creatures vanquished

Notes
Turn   | Place    | Note
-------+----------+-------------------------------------------
     0 | D:1      | Kriby the Deep Dwarf Fighter began the quest for the Orb.
     0 | D:1      | Reached XP level 1. HP: 20/20 MP: 1/1
    41 | D:1      | Reached XP level 2. HP: 20/27 MP: 2/2
   644 | D:2      | Reached XP level 3. HP: 25/34 MP: 3/3
  1464 | D:3      | Noticed a black bear
  1477 | D:3      | Killed a black bear
  1477 | D:3      | Reached XP level 4. HP: 15/42 MP: 4/4
  1477 | D:3      | Reached XP level 5. HP: 18/49 MP: 5/5
  2256 | D:4      | Found a white marble altar of Elyvilon.
  2272 | D:4      | Reached XP level 6. HP: 40/57 MP: 5/5
  2399 | D:4      | Reached skill level 5 in Shields
  2438 | D:4      | Reached skill level 5 in Armour
  2568 | D:4      | Reached XP level 7. HP: 24/66 MP: 6/6
  2727 | D:4      | Found Baupn's Assorted Antiques.
  2736 | D:4      | Bought a black potion for 20 gold pieces
  2736 | D:4      | Bought a scroll labeled ZIAPHI PACWET for 23 gold pieces
  2736 | D:4      | Bought a scroll labeled QIESKA QONEYGG for 23 gold pieces
  2736 | D:4      | Bought a scroll labeled KENAKHLUILE for 23 gold pieces
  2736 | D:4      | Bought a dark potion for 20 gold pieces
  3016 | D:5      | Entered Level 5 of the Dungeon
  3153 | D:5      | Reached skill level 5 in Axes
  3255 | D:5      | Found a sparkling altar of Nemelex Xobeh.
  3408 | D:5      | Reached skill level 5 in Fighting
  3473 | D:5      | Reached XP level 8. HP: 25/74 MP: 6/6
  3817 | D:6      | Found a shimmering altar of Xom.
  5004 | D:7      | Found a staircase to the Ecumenical Temple.
  5097 | D:7      | Gained mutation: You passively map the area around you. [Deep Dwarf growth]
  5097 | D:7      | Reached XP level 9. HP: 13/82 MP: 7/7
  5128 | D:7      | Slain by an orc warrior

Vault maps used:
D:1:      erik_arrival_orb_chamber
D:3:      first_ration
D:4:      elyvilon_altar_5, serial_shops, nicolae_shop_statue_plus
D:5:      nemelex_lonely_heart_becter
D:6:      lemuel_doored_altar
D:7:      grunt_temple_overflow_open, minmay_temple_entry_steel_oval,
          the_bakery, uniq_menkaure, uniq_joseph

Skill      XL: |  1  2  3  4  5  6  7  8 |
---------------+-------------------------+-----
Fighting       | 3 4 5 6 |  6.0
Axes           | 3 4 5 6 |  6.7
Armour         | 4 5 6 7 |  7.2
Shields        | 4 5 6 7 |  7.2

Action                   |  1- 3 |  4- 6 |  7- 9 || total
-------------------------+-------+-------+-------++-------
Melee: War axe           |   198 |   208 |   180 ||   586
       Hand axe          |       |       |   199 ||   199
 Abil: Heal Wounds       |       |     1 |     1 ||     2
  Use: Potion            |       |     1 |    11 ||    12
  Eat: Chunk             |     2 |     5 |     6 ||    13
       Ration            |       |       |     2 ||     2
Armor: Scale mail        |    25 |       |       ||    25
       Plate armour      |    82 |   109 |   146 ||   337
Dodge: Dodged            |    52 |    29 |    34 ||   115
Block: Shield            |   112 |    95 |       ||   207
       Large shield      |       |    30 |   332 ||   362

Table legend:
 A = Spawn XP
 B = Non-spawn XP
 C = Spawn XP percentage of total XP
 D = Spawn monster count
 E = Non-spawn monster count
 F = Spawn count percentage of total count
 G = Total turns spent on level
                    A         B        C        D         E        F      G
               +---------+---------+-------+---------+---------+-------+---------
         Total |       0 |    2812 |   0.0 |       0 |     173 |   0.0 |  5128
               +---------+---------+-------+---------+---------+-------+---------
           D:1 |       0 |      36 |   0.0 |       0 |      27 |   0.0 |   579
           D:2 |       0 |      46 |   0.0 |       0 |      21 |   0.0 |   762
           D:3 |       0 |     288 |   0.0 |       0 |      25 |   0.0 |   913
           D:4 |       0 |     431 |   0.0 |       0 |      25 |   0.0 |   762
           D:5 |       0 |     784 |   0.0 |       0 |      33 |   0.0 |   787
           D:6 |       0 |     696 |   0.0 |       0 |      27 |   0.0 |  1145
           D:7 |       0 |     531 |   0.0 |       0 |      15 |   0.0 |   180
               +---------+---------+-------+---------+---------+-------+---------
